 Dungeon Crawl Stone Soup version 0.24-a0-451-g263dff2034 (webtiles) character file.

Game seed: 8811958325884452991

3462 Gynju the Ruffian (level 9, -9/89 HPs)
             Began as a Troll Fighter on June 26, 2019.
             Mangled by a two-headed ogre
             ... wielding a +0 giant club
              (14 damage)
             ... on level 7 of the Dungeon.
             The game lasted 00:19:49 (6242 turns).

Gynju the Ruffian (Troll Fighter)                   Turns: 6242, Time: 00:19:50

Health: -9/89      AC: 12    Str: 26    XL:     9   Next: 78%
Magic:  9/9        EV: 11    Int:  4    God:
Gold:   343        SH: 10    Dex: 12    Spells: 8/8 levels left

rFire    + . .     SeeInvis .     - Unarmed
rCold    + . .     Gourm    +   b - +0 shield
rNeg     . . .     Faith    .   c - +3 robe "Regiv" {*Corrode +Blink rF+ rC+}
rPois    +         Spirit   .   (helmet restricted)
rElec    .         Reflect  .   A - +0 cloak
rCorr    .         Harm     .   (gloves unavailable)
MR       .....                  (boots unavailable)
Stlth    +.........             C - amulet of the acrobat
HPRegen  0.64/turn              r - +2 ring of protection
MPRegen  0.11/turn              D - ring of poison resistance

@: no status effects
A: large, unfitting armour, claws 3, fast metabolism 3, gourmand, regeneration
1, shaggy fur 1, tough skin 3
a: Evoke Blink


You were on level 7 of the Dungeon.
You were completely stuffed.

You visited 1 branch of the dungeon, and saw 8 of its levels.

You collected 343 gold pieces.

Inventory:

Armour
 b - a +0 shield (worn)
 c - the +3 robe "Regiv" (worn) {*Corrode +Blink rF+ rC+}
   (You found it on level 7 of the Dungeon)

   It protects you from fire.
   It protects you from cold.
   It lets you blink.
   It may corrode you when you take damage.
 A - a +0 cloak (worn)
Jewellery
 f - an uncursed amulet of guardian spirit
 r - a +2 ring of protection (left claw)
 C - an amulet of the acrobat (around neck)
 D - a ring of poison resistance (right claw)
Wands
 B - a wand of flame (28)
Scrolls
 a - a scroll of blinking {unknown}
 g - 2 scrolls of teleportation {unknown}
 j - 3 scrolls of remove curse
 l - 10 scrolls of identify {unknown}
 m - 2 scrolls of enchant armour {unknown}
 o - 3 scrolls of noise {unknown}
 p - 2 scrolls of random uselessness {unknown}
 x - 3 scrolls of immolation {unknown}
 y - a scroll of amnesia {unknown}
 z - 2 scrolls of enchant weapon {unknown}
Potions
 e - 2 potions of mutation {unknown}
 h - a potion of brilliance {unknown}
 i - 2 potions of heal wounds {unknown}
 k - 2 potions of degeneration {unknown}
 n - 4 potions of agility {unknown}
 q - 2 potions of lignification {unknown}
 s - a potion of flight {unknown}
 t - 5 potions of cancellation {unknown}
 u - a potion of haste {unknown}
 v - 3 potions of curing {unknown}
Comestibles
 d - 16 rations
 w - 7 chunks of flesh


   Skills:
 + Level 5.7 Fighting
 + Level 5.4 Throwing
 - Level 0.8 Armour
 + Level 5.6 Dodging
 + Level 5.6 Shields
 + Level 6.3 Unarmed Combat
 + Level 1.5 Evocations


You had 8 spell levels left.
You didn't know any spells.
Your spell library was empty.

Dungeon Overview and Level Annotations

Branches:
Dungeon (8/15)
 Temple: D:4-7         Lair: D:8-11

Altars:
Fedhas
Nemelex Xobeh
Ru
Sif Muna
Xom
Yredelemnul

Shops:
D:4 [


Innate Abilities, Weirdness & Mutations

You are too large for most types of armour.
You have claws for hands.
Your metabolism is lightning-fast.
You like to eat raw meat.
Your natural rate of healing is unusually fast.
You are covered in fur. (AC +1)
You have extremely tough skin. (AC +3)


Message History

The two-headed ogre hits you but does no damage.
You scratch the two-headed ogre.
The two-headed ogre is moderately wounded.
The two-headed ogre hits you with a +0 giant club!
* * * LOW HITPOINT WARNING * * *
You block the two-headed ogre's attack.
You barely miss the two-headed ogre.
The two-headed ogre is moderately wounded.
The two-headed ogre hits you with a +0 giant club!
* * * LOW HITPOINT WARNING * * *
You block the two-headed ogre's attack.
You completely miss the two-headed ogre.
The two-headed ogre is moderately wounded.
You claw the two-headed ogre!
The two-headed ogre is severely wounded.
You block the two-headed ogre's attack. The two-headed ogre misses you.
You barely miss the two-headed ogre.
The two-headed ogre is severely wounded.
The two-headed ogre hits you with a +0 giant club!
You die...

..................#..[.....#
#.................#........#
#.................#........#
#............####..........#
..................#........#
#...........##.............#
#...#....##....##......#####
..#.#..........#[[...#...#
..#...###......#@#...###.####
.....####......)O#.#....>...#
.....(......................#
#.......)..........########.#
##...............##########.#
#.................###.......#
................#...........#
##.............######.......#
#........<.#.....#.........#


You could see a two-headed ogre.

Vanquished Creatures
  Harold (D:8)
  Pikel (D:7)
  A hippogriff (D:7)
  2 orc warriors
  A black bear (D:8)
  3 slaves
  2 phantoms (D:6)
  An ogre (D:6)
  2 centaurs
  A bullfrog (D:6)
  A scorpion (D:6)
  7 wights
  2 crimson imps
  A bullfrog zombie (D:6)
  5 hounds
  5 orc priests
  2 jellies
  2 bullfrog skeletons
  An iguana (D:3)
  5 orc wizards
  5 worker ants
  A worker ant zombie (D:8)
  10 adders
  A shadow imp (D:7)
  An ooze (D:7)
  2 adder skeletons
  5 worms
  2 dart slugs
  8 leopard geckos
  20 orcs
  7 bats
  5 giant cockroaches
  6 hobgoblins
  13 jackals
  4 quokkas
  9 frilled lizards
  9 goblins
  15 kobolds
  7 rats
176 creatures vanquished.

Notes
Turn   | Place    | Note
-------+----------+-------------------------------------------
     0 | D:1      | Gynju the Troll Fighter began the quest for the Orb.
     0 | D:1      | Reached XP level 1. HP: 22/22 MP: 0/0
   120 | D:1      | Reached XP level 2. HP: 29/29 MP: 1/1
   740 | D:1      | Found a sparkling altar of Nemelex Xobeh.
   744 | D:1      | Reached XP level 3. HP: 36/36 MP: 2/2
  1102 | D:2      | Found a shimmering altar of Xom.
  1107 | D:2      | Found a sacrificial altar of Ru.
  1335 | D:2      | Reached skill level 1 in Throwing
  1460 | D:2      | Reached XP level 4. HP: 38/44 MP: 3/3
  1977 | D:3      | Found a sacrificial altar of Ru.
  2123 | D:3      | Reached XP level 5. HP: 53/53 MP: 4/4
  2504 | D:4      | Found Ryaxkuli's Armour Shoppe.
  2560 | D:4      | Found a blossoming altar of Fedhas.
  2560 | D:4      | Noticed an ogre
  2660 | D:5      | Entered Level 5 of the Dungeon
  2725 | D:5      | Reached skill level 3 in Unarmed Combat
  2810 | D:5      | Reached XP level 6. HP: 49/61 MP: 5/5
  3289 | D:5      | Reached XP level 7. HP: 65/67 MP: 6/6
  3300 | D:5      | Found a deep blue altar of Sif Muna.
  3462 | D:6      | Reached skill level 4 in Unarmed Combat
  3683 | D:6      | Reached XP level 8. HP: 72/78 MP: 7/7
  3913 | D:6      | Found a glowing drain.
  5088 | D:7      | Reached skill level 5 in Unarmed Combat
  5346 | D:7      | Found a basalt altar of Yredelemnul.
  5426 | D:7      | Noticed a hippogriff
  5433 | D:7      | Killed a hippogriff
  5498 | D:7      | Reached skill level 5 in Dodging
  5498 | D:7      | Reached skill level 5 in Shields
  5541 | D:7      | Reached XP level 9. HP: 87/87 MP: 8/8
  5628 | D:7      | Noticed Pikel
  5685 | D:7      | Reached skill level 5 in Fighting
  5714 | D:7      | Killed Pikel
  5785 | D:7      | Got a tattered robe
  5796 | D:7      | Identified the +3 robe "Regiv" {*Corrode +Blink rF+ rC+}
                  | (You found it on level 7 of the Dungeon)
  6015 | D:8      | Noticed Harold
  6023 | D:8      | Reached skill level 5 in Throwing
  6035 | D:8      | Killed Harold
  6035 | D:8      | Reached skill level 6 in Unarmed Combat
  6035 | D:8      | Reached skill level 1 in Evocations
  6124 | D:8      | Noticed a two-headed ogre
  6239 | D:7      | HP: 3/89 [two-headed ogre/+0 giant club (16)]
  6242 | D:7      | Mangled by a two-headed ogre

Levels and vault maps discovered:
D:1:      minmay_arrival_checkered_box, layout_basic, kennysheep_flooded_box
D:2:      layout_basic, amethyst_overflow_temple_binary
D:3:      layout_basic, first_ration, nicolae_ru_awakened_eye
D:4:      layout_loops_corners, chequers_temple_overflow_minitemple,
          vehumet_statue, minmay_temple_entry_slanted, serial_shops,
          kennysheep_little_box, minmay_ruined_shrine
D:5:      layout_cave_pools, tgw_sif, serial_column_ruins,
          column_ruins_open_small, column_ruins_grid_3, column_ruins_open_tiny,
          column_ruins_open_tiny, column_ruins_grid_2, column_ruins_grid_1
D:6:      layout_layer_cave, gup_sewer_entry_spiral, minmay_misc_feat_roman
D:7:      layout_rooms, lemuel_round_altar, uniq_pikel
D:8:      layout_cave_pods, uniq_harold

Skill      XL: |  1  2  3  4  5  6  7  8  9 |
---------------+----------------------------+-----
Throwing       | 1 2 3 4 5 |  5.4
Fighting       | 3 4 5 |  5.7
Dodging        | 3 4 5 |  5.6
Shields        | 3 4 5 |  5.6
Unarmed Combat | 3 4 5 6 |  6.3
Evocations     | 1 |  1.5
Armour         | |  0.8

Action                   |  1- 3 |  4- 6 |  7- 9 || total
-------------------------+-------+-------+-------++-------
Melee: Unarmed           |   118 |   185 |   347 ||   650
  Use: Scroll            |       |       |     1 ||     1
       Potion            |       |       |     1 ||     1
 Stab: Sleeping          |       |     1 |     1 ||     2
  Eat: Chunk             |    19 |    16 |    29 ||    64
Armor: Robe              |    40 |    68 |    77 ||   185
Dodge: Dodged            |    42 |    51 |   106 ||   199
Block: Shield            |    30 |    85 |   171 ||   286

Table legend:
 A = Non-vault XP
 B = Vault XP
 C = Vault XP percentage of total XP
 D = Non-vault monster count
 E = Vault monster count
 F = Vault count percentage of total count
                 A         B        C        D         E       F
            +---------+---------+-------+---------+---------+-------
      Total |    3229 |    1718 |  34.7 |     162 |      11 |   6.4
            +---------+---------+-------+---------+---------+-------
        D:1 |      42 |       0 |   0.0 |      25 |       0 |   0.0
        D:2 |      70 |       0 |   0.0 |      25 |       0 |   0.0
        D:3 |      87 |       3 |   3.3 |      23 |       1 |   4.2
        D:4 |      15 |      14 |  48.3 |       2 |       1 |  33.3
        D:5 |     608 |      43 |   6.6 |      23 |       1 |   4.2
        D:6 |    1306 |      41 |   3.0 |      34 |       6 |  15.0
        D:7 |     749 |     641 |  46.1 |      21 |       1 |   4.5
        D:8 |     352 |     976 |  73.5 |       9 |       1 |  10.0
            +---------+---------+-------+---------+---------+-------
